[ AOE2 MATCH · #505642585 ]
UnrankedTeutons vs Maya
Player's team · LOSS
Rival team · WIN
[ REPLAY ANALYSIS · EXTRACTED FROM THE RECORDED GAME ]
Feudal
9:46
Castle
31:51
Imperial
50:24
| APM avg | 25.0 |
| APM peak | 57 |
| eAPM avg | 13.9 |
| Villagers / military | 82 / 60 |
Focus
⚔️ 32.7% · 🌾 67.3%
Knight ×25 · Scorpion ×17 · Scout Cavalry ×7 · Teutonic Knight ×5 · Monk ×2 · Militia ×2
Feudal
9:50
Castle
26:24
Imperial
46:31
| APM avg | 35.0 |
| APM peak | 67 |
| eAPM avg | 18.4 |
| Villagers / military | 140 / 143 |
Focus
⚔️ 35.5% · 🌾 64.5%
Plumed Archer ×43 · Spearman ×36 · Eagle Scout ×24 · Archer ×17 · Skirmisher ×8 · Trebuchet (Packed) ×6
Match map
Initial resources + every placement click. Lines = walls · curves = elevation contours. ◆ gold · ⬟ stone · ● berries · ✦ relic · ◌ wall gap
Your base· Open — unwalled flank
King of Killester's base· Open — 1t gap
Smoothed initial terrain · ◌ = detected wall gap · hover for details
Inputs per minute
— LordPoseidón - - King of Killester
Build order — LordPoseidón
First 150 of 261 actions detected
| 0:03 | Build | House |
| 0:04 | Queue | Villager (Male) ×4 |
| 0:07 | Build | House |
| 1:38 | Queue | Villager (Male) |
| 1:49 | Build | House |
| 2:04 | Queue | Villager (Male) |
| 2:25 | Build | Lumber Camp |
| 2:27 | Queue | Villager (Male) |
| 2:32 | Build | House |
| 2:57 | Queue | Villager (Male) |
| 3:14 | Queue | Villager (Male) |
| 3:45 | Queue | Villager (Male) |
| 4:22 | Queue | Villager (Male) |
| 4:45 | Queue | Villager (Male) |
| 5:08 | Queue | Villager (Male) |
| 5:22 | Build | Mill |
| 5:29 | Queue | Villager (Male) |
| 5:50 | Queue | Villager (Male) |
| 6:32 | Queue | Villager (Male) |
| 6:34 | Research | Loom |
| 7:03 | Build | Barracks |
| 7:36 | Research | Feudal Age |
| 8:09 | Build | House |
| 8:45 | Build | Farm |
| 9:20 | Queue | Villager (Male) |
| 9:46 | Age | Feudal Age |
| 9:55 | Queue | Villager (Male) |
| 10:27 | Queue | Villager (Male) |
| 10:47 | Build | Watch Tower |
| 10:55 | Queue | Villager (Male) |
| 10:59 | Queue | Militia |
| 11:07 | Queue | Villager (Male) |
| 11:21 | Queue | Villager (Male) |
| 12:05 | Build | Palisade Wall |
| 12:08 | Build | Palisade Wall |
| 12:17 | Build | Mining Camp |
| 12:19 | Queue | Villager (Male) |
| 12:28 | Build | Lumber Camp |
| 12:33 | Queue | Militia |
| 12:55 | Build | Mill |
| 13:08 | Build | Farm |
| 13:12 | Build | Farm |
| 13:34 | Build | Mining Camp |
| 14:07 | Build | Farm |
| 14:07 | Build | Farm |
| 14:27 | Queue | Villager (Male) |
| 14:41 | Build | House |
| 15:02 | Queue | Villager (Male) |
| 15:50 | Build | Watch Tower |
| 16:30 | Build | Farm |
| 16:31 | Queue | Villager (Male) |
| 16:50 | Build | Watch Tower |
| 17:07 | Build | Farm |
| 17:08 | Queue | Villager (Male) |
| 17:54 | Build | Farm |
| 17:55 | Queue | Villager (Male) |
| 18:35 | Queue | Villager (Male) |
| 18:38 | Build | Farm |
| 18:46 | Build | Blacksmith |
| 19:02 | Queue | Villager (Male) |
| 19:25 | Research | Fletching |
| 19:26 | Queue | Villager (Male) |
| 19:29 | Queue | Villager (Male) |
| 19:41 | Build | Stable |
| 19:43 | Queue | Villager (Male) |
| 20:22 | Queue | Villager (Male) |
| 20:35 | Build | House |
| 20:41 | Research | Forging |
| 21:07 | Queue | Scout Cavalry |
| 21:14 | Build | House |
| 21:17 | Build | Mill |
| 21:34 | Queue | Villager (Male) |
| 21:36 | Build | Farm |
| 21:40 | Queue | Scout Cavalry |
| 22:21 | Queue | Villager (Male) |
| 22:29 | Queue | Scout Cavalry |
| 22:35 | Build | Stable |
| 23:13 | Queue | Villager (Male) |
| 23:14 | Queue | Scout Cavalry |
| 23:31 | Queue | Scout Cavalry |
| 23:33 | Research | Bloodlines |
| 23:36 | Build | Farm |
| 24:09 | Queue | Scout Cavalry |
| 26:02 | Build | Farm |
| 26:02 | Build | Farm |
| 26:04 | Build | Farm |
| 26:04 | Build | Farm |
| 26:19 | Queue | Scout Cavalry |
| 26:26 | Research | Scale Barding Armor |
| 26:57 | Queue | Villager (Male) |
| 28:29 | Build | Market |
| 29:11 | Research | Castle Age |
| 30:14 | Research | Man-at-Arms (upgrade) |
| 30:20 | Build | House |
| 30:22 | Research | Scale Mail Armor |
| 30:46 | Queue | Villager (Male) |
| 30:57 | Build | House |
| 31:05 | Research | Double-Bit Axe |
| 31:16 | Build | Farm |
| 31:44 | Build | Farm |
| 31:45 | Build | Farm |
| 31:45 | Build | Farm |
| 31:51 | Age | Castle Age |
| 31:52 | Queue | Villager (Male) |
| 31:59 | Build | Castle |
| 32:26 | Queue | Villager (Male) |
| 32:54 | Queue | Villager (Male) |
| 32:54 | Queue | Villager (Male) |
| 33:10 | Research | Squires |
| 33:14 | Queue | Villager (Male) |
| 33:42 | Build | Mining Camp |
| 33:47 | Build | Town Center |
| 33:51 | Queue | Teutonic Knight |
| 34:06 | Queue | Teutonic Knight |
| 34:38 | Queue | Teutonic Knight |
| 34:54 | Build | Farm |
| 34:54 | Build | Farm |
| 35:20 | Queue | Villager (Male) |
| 35:39 | Build | Farm |
| 35:40 | Build | Farm |
| 35:40 | Build | Farm |
| 35:43 | Queue | Villager (Male) |
| 36:34 | Research | Wheelbarrow |
| 37:01 | Queue | Villager (Male) |
| 37:02 | Queue | Villager (Male) |
| 37:17 | Queue | Teutonic Knight |
| 37:18 | Queue | Teutonic Knight |
| 37:40 | Queue | Villager (Male) |
| 37:41 | Queue | Villager (Male) |
| 37:56 | Queue | Villager (Male) |
| 38:03 | Build | Mining Camp |
| 38:13 | Queue | Knight |
| 38:18 | Queue | Knight |
| 38:27 | Build | Mill |
| 38:28 | Build | Farm |
| 38:28 | Build | Farm |
| 38:29 | Build | Farm |
| 38:29 | Build | Farm |
| 38:50 | Build | Monastery |
| 38:59 | Build | Outpost |
| 39:01 | Queue | Villager (Male) |
| 39:03 | Research | Town Watch |
| 39:11 | Queue | Knight |
| 39:25 | Research | Horse Collar |
| 39:26 | Queue | Monk |
| 39:31 | Build | Farm |
| 39:35 | Build | Outpost |
| 39:38 | Queue | Knight |
| 39:42 | Research | Chain Barding Armor |
| 40:05 | Queue | Knight |
Build order — King of Killester
First 150 of 475 actions detected
| 0:00 | Queue | Villager (Male) |
| 0:01 | Queue | Villager (Male) |
| 0:01 | Queue | Villager (Male) |
| 0:02 | Build | House |
| 0:03 | Build | House |
| 1:22 | Queue | Villager (Male) |
| 1:42 | Build | Lumber Camp |
| 1:50 | Queue | Villager (Male) |
| 2:31 | Queue | Villager (Male) |
| 2:37 | Queue | Villager (Male) |
| 2:58 | Queue | Villager (Male) |
| 3:44 | Queue | Villager (Male) |
| 3:44 | Queue | Villager (Male) |
| 3:50 | Build | House |
| 3:51 | Build | House |
| 4:22 | Queue | Villager (Male) |
| 4:30 | Build | Mill |
| 4:54 | Queue | Villager (Male) |
| 4:57 | Queue | Villager (Male) |
| 5:37 | Queue | Villager (Male) |
| 6:12 | Queue | Villager (Male) |
| 6:14 | Research | Loom |
| 6:17 | Build | Mining Camp |
| 7:10 | Queue | Villager (Male) |
| 7:35 | Build | Barracks |
| 7:40 | Research | Feudal Age |
| 8:12 | Build | Lumber Camp |
| 8:47 | Queue | Militia |
| 8:47 | Queue | Militia |
| 8:47 | Queue | Militia |
| 8:48 | Queue | Militia |
| 9:07 | Build | House |
| 9:09 | Build | Palisade Wall |
| 9:17 | Build | Palisade Wall |
| 9:24 | Build | Palisade Wall |
| 9:33 | Build | House |
| 9:34 | Build | Palisade Wall |
| 9:48 | Queue | Villager (Male) |
| 9:50 | Age | Feudal Age |
| 9:53 | Research | Man-at-Arms (upgrade) |
| 9:59 | Build | Archery Range |
| 10:08 | Build | Palisade Wall |
| 10:16 | Queue | Villager (Male) |
| 10:30 | Build | Palisade Gate |
| 10:46 | Queue | Villager (Male) |
| 10:47 | Queue | Villager (Male) |
| 11:19 | Build | House |
| 11:35 | Build | Farm |
| 11:37 | Research | Double-Bit Axe |
| 12:00 | Queue | Skirmisher |
| 12:06 | Build | Blacksmith |
| 12:15 | Build | Watch Tower |
| 12:27 | Queue | Villager (Male) |
| 12:31 | Queue | Skirmisher |
| 12:34 | Queue | Archer |
| 12:34 | Queue | Archer |
| 12:52 | Queue | Villager (Male) |
| 12:53 | Queue | Archer |
| 13:11 | Build | Palisade Wall |
| 13:18 | Queue | Villager (Male) |
| 13:32 | Build | Farm |
| 13:35 | Queue | Villager (Male) |
| 13:39 | Build | Farm |
| 13:52 | Queue | Archer |
| 14:01 | Build | Farm |
| 14:11 | Queue | Villager (Male) |
| 14:15 | Build | Farm |
| 14:16 | Queue | Archer |
| 14:34 | Research | Fletching |
| 14:54 | Build | Farm |
| 14:57 | Build | Farm |
| 14:58 | Queue | Villager (Male) |
| 15:15 | Queue | Villager (Male) |
| 15:21 | Build | House |
| 15:23 | Build | House |
| 15:24 | Build | House |
| 15:25 | Queue | Villager (Male) |
| 15:27 | Queue | Archer |
| 15:27 | Queue | Archer |
| 15:34 | Queue | Villager (Male) |
| 15:58 | Queue | Villager (Male) |
| 16:07 | Queue | Skirmisher |
| 16:07 | Queue | Skirmisher |
| 16:26 | Queue | Skirmisher |
| 16:26 | Queue | Skirmisher |
| 16:43 | Build | Archery Range |
| 16:46 | Queue | Villager (Male) |
| 16:48 | Build | Farm |
| 17:16 | Queue | Archer |
| 17:17 | Queue | Archer |
| 17:25 | Build | Outpost |
| 17:25 | Queue | Villager (Male) |
| 17:48 | Queue | Archer |
| 17:48 | Queue | Archer |
| 17:57 | Build | Farm |
| 17:57 | Build | Farm |
| 17:59 | Build | Farm |
| 18:11 | Queue | Villager (Male) |
| 18:16 | Queue | Villager (Male) |
| 18:24 | Queue | Villager (Male) |
| 18:26 | Queue | Archer |
| 18:26 | Queue | Archer |
| 18:35 | Build | Farm |
| 18:38 | Build | Farm |
| 18:48 | Build | Farm |
| 18:54 | Queue | Skirmisher |
| 18:54 | Queue | Archer |
| 18:55 | Queue | Skirmisher |
| 19:11 | Build | Mining Camp |
| 19:22 | Queue | Villager (Male) |
| 19:46 | Build | Outpost |
| 19:50 | Queue | Villager (Male) |
| 19:54 | Research | Padded Archer Armor |
| 20:04 | Queue | Villager (Male) |
| 20:09 | Build | House |
| 20:10 | Build | Palisade Wall |
| 20:11 | Research | Wheelbarrow |
| 20:13 | Queue | Villager (Male) |
| 20:29 | Build | Outpost |
| 20:38 | Build | House |
| 21:01 | Queue | Villager (Male) |
| 21:05 | Queue | Archer |
| 21:13 | Build | Market |
| 21:32 | Build | Mining Camp |
| 21:47 | Queue | Villager (Male) |
| 22:13 | Build | Farm |
| 22:30 | Build | Outpost |
| 23:05 | Queue | Archer |
| 23:05 | Queue | Archer |
| 23:19 | Queue | Villager (Male) |
| 23:20 | Queue | Villager (Male) |
| 23:30 | Build | Watch Tower |
| 23:43 | Research | Castle Age |
| 23:59 | Build | Outpost |
| 24:40 | Build | Watch Tower |
| 24:52 | Queue | Villager (Male) |
| 25:07 | Build | Outpost |
| 25:41 | Queue | Villager (Male) |
| 25:50 | Build | Barracks |
| 25:51 | Build | Barracks |
| 25:57 | Queue | Villager (Male) |
| 26:19 | Queue | Villager (Male) |
| 26:24 | Age | Castle Age |
| 26:34 | Research | Eagle Warrior (upgrade) |
| 26:35 | Queue | Eagle Scout |
| 26:35 | Queue | Eagle Scout |
| 26:35 | Queue | Eagle Scout |
| 26:35 | Queue | Eagle Scout |
| 26:35 | Queue | Eagle Scout |
| 26:36 | Queue | Eagle Scout |
Match timeline
| 7:03 | LordPoseidón · first_building Barracks |
| 7:35 | King of Killester · first_building Barracks |
| 9:09 | King of Killester · wall_segment Palisade Wall x3 |
| 9:17 | King of Killester · wall_segment Palisade Wall x4 |
| 9:24 | King of Killester · wall_segment Palisade Wall x1 |
| 9:34 | King of Killester · wall_segment Palisade Wall x1 |
| 9:46 | LordPoseidón · age_up feudal |
| 9:50 | King of Killester · age_up feudal |
| 9:59 | King of Killester · first_building Archery Range |
| 10:08 | King of Killester · wall_segment Palisade Wall x5 |
| 12:05 | LordPoseidón · wall_segment Palisade Wall x1 |
| 12:08 | LordPoseidón · wall_segment Palisade Wall x1 |
| 13:11 | King of Killester · wall_segment Palisade Wall x9 |
| 19:41 | LordPoseidón · first_building Stable |
| 20:10 | King of Killester · wall_segment Palisade Wall x1 |
| 22:09 | King of Killester · first_market_buy 100 stone |
| 23:39 | King of Killester · first_market_sell 100 wood |
| 26:24 | King of Killester · age_up castle |
| 29:04 | LordPoseidón · first_market_sell 100 stone |
| 29:05 | LordPoseidón · first_market_buy 100 food |
| 30:12 | King of Killester · first_building Siege Workshop |
| 31:51 | LordPoseidón · age_up castle |
| 31:59 | LordPoseidón · first_building Castle |
| 35:22 | King of Killester · first_building Castle |
| 38:50 | LordPoseidón · first_building Monastery |
| 43:03 | LordPoseidón · first_building Siege Workshop |
| 45:37 | King of Killester · first_building Monastery |
| 46:31 | King of Killester · age_up imperial |
| 48:14 | King of Killester · wall_segment Stone Wall x22 |
| 50:24 | LordPoseidón · age_up imperial |
| 53:47 | LordPoseidón · resign |
[ AI ANALYSIS · 1 CREDIT ]
What really happened in this match?
Wolo.gg analyzes every decision: build order, eco, micro, common mistakes by bracket. Personalized analysis on WhatsApp or Discord in 30 seconds.
Civ guide
Teutons
Perfil
Jugador #20462975